AoeStats
← 荒野一條蟲

Fortress

509512641Analyzed
4v4 RM · 7d ago on Sep 27, 2026· 33m 25s· 8 players
Game mode
Random Map
Map size
Huge
Population
200
Speed
Normal
Resources
Standard
Victory
Conquest
Starting age
Dark Age
Ending age
Imperial Age
RankedLock teamsTeams togetherTeam positionsShared explorationLock speedFull tech treeHidden civsTurbo modeCheats
Victory
Defeat
🇦🇷 Persians · Argentina
1457
+15
🇧🇷 Varangians · Brazil
1449
+16
🇧🇩 Mongols · Bangladesh
1425
+17
🇹🇼 Burgundians · Taiwan
1356
+20
🇨🇦 Danes · Canada
1484
-19
🇨🇦 Persians · Canada
1454
-17
🇲🇽 Maya · Mexico
1435
-17
🇪🇨 Vietnamese · Ecuador
1391
-15
Seifer
5:59 Feudal Age
6:30 Double-Bit Axe
8:47 Loom
11:15 Castle Age
9:51 Horse Collar
12:24 Bow Saw
12:59 Heavy Plow
18:06 Wheelbarrow
17:35 Town Watch
20:17 Gold Mining
21:25 Hand Cart
25:23 Imperial Age
23:02 Stone Mining
23:26 Fletching
23:36 Padded Archer Armor
24:25 Stone Shaft Mining
25:13 Bodkin Arrow
25:34 Leather Archer Armor
26:24 Conscription
27:15 Two-Man Saw
26:39 Bracer
27:14 Ballistics
27:55 Chemistry
28:08 Ring Archer Armor
28:08 Elite Plumed Archer
29:18 Guilds
29:49 Masonry
31:09 Hoardings
32:45 Architecture
31:55 Treadmill Crane
32:11 Murder Holes
32:27 Fortified Wall
Hecan
6:52 Feudal Age
10:28 Castle Age
8:43 Double-Bit Axe
11:20 Bow Saw
17:18 Wheelbarrow
17:32 Loom
18:57 Hand Cart
20:40 Horse Collar
25:38 Imperial Age
23:21 Scale Barding Armor
24:48 Forging
26:15 Conscription
26:24 Chain Barding Armor
27:03 Kamandaran
26:26 Elite War Elephant
28:15 Two-Man Saw
27:19 Heavy Plow
Leobossy
9:22 Feudal Age
13:05 Castle Age
10:56 Double-Bit Axe
11:32 Horse Collar
13:16 Pikeman
16:13 Loom
17:39 Fletching
18:53 Wheelbarrow
19:29 Bow Saw
22:51 Scale Mail Armor
23:36 Heavy Plow
25:31 Padded Archer Armor
26:09 Hand Cart
26:54 Forging
30:18 Imperial Age
29:00 Chain Mail Armor
31:01 Iron Casting
30:54 Halberdier
剧终
7:20 Feudal Age
8:59 Double-Bit Axe
9:12 Horse Collar
11:39 Castle Age
13:17 Bow Saw
19:09 Wheelbarrow
18:54 Loom
20:31 Town Watch
20:50 Heavy Plow
23:01 Hand Cart
27:01 Imperial Age
24:12 Hamask
26:02 Ballistics
26:40 Scale Mail Armor
26:50 Forging
26:51 Squires
26:36 Arson
28:07 Chain Mail Armor
27:26 Elite Varangian Guard
27:28 Onager
28:24 Gold Mining
29:19 Iron Casting
29:11 Conscription
29:50 Plate Mail Armor
29:50 Siege Onager
30:29 Pikeman
荒野一條蟲
4:22 Double-Bit Axe
4:18 Horse Collar
7:27 Feudal Age
7:54 Feudal Age
12:10 Castle Age
11:21 Bow Saw
11:46 Heavy Plow
16:02 Wheelbarrow
18:17 Two-Man Saw
19:32 Hand Cart
20:06 Gold Mining
20:07 Stone Mining
21:42 Loom
23:16 Town Watch
26:35 Imperial Age
24:37 Town Patrol
24:52 Forging
24:48 Scale Barding Armor
26:22 Iron Casting
25:10 Cavalier
25:51 Husbandry
27:25 Burgundian Vineyards
28:02 Chain Barding Armor
28:10 Conscription
27:20 Paladin
29:43 Plate Barding Armor
30:08 Blast Furnace
28:32 Light Cavalry
29:23 Hussar
Baratinha
8:25 Feudal Age
12:03 Castle Age
10:03 Double-Bit Axe
10:41 Horse Collar
13:19 Wheelbarrow
13:57 Bow Saw
13:56 Heavy Plow
16:21 Loom
19:49 Hand Cart
25:51 Imperial Age
23:25 Town Watch
23:46 Scale Barding Armor
23:57 Forging
23:57 Gold Mining
23:56 Light Cavalry
24:49 Bloodlines
25:14 Husbandry
26:16 Iron Casting
25:56 Hussar
26:58 Conscription
27:06 Chain Barding Armor
28:21 Blast Furnace
27:22 Scale Mail Armor
27:05 Pikeman
27:46 Squires
27:31 Arson
27:44 Vendel Legacy
29:30 Plate Barding Armor
30:57 Chain Mail Armor
30:07 Halberdier
33:05 Coinage
34:21 Banking
Gunslinger
7:04 Feudal Age
7:52 Double-Bit Axe
11:23 Castle Age
13:35 Bow Saw
14:00 Horse Collar
18:09 Heavy Plow
20:16 Wheelbarrow
20:08 Gold Mining
22:13 Hand Cart
22:06 Stone Mining
23:48 Stone Shaft Mining
23:49 Gold Shaft Mining
27:51 Imperial Age
26:19 Fletching
26:30 Padded Archer Armor
27:42 Ballistics
27:51 Bodkin Arrow
28:12 Leather Archer Armor
27:56 Elite Mangudai
29:42 Chemistry
28:46 Bracer
29:41 Onager
30:40 Caravan
FeR
6:31 Feudal Age
10:14 Castle Age
8:40 Double-Bit Axe
8:52 Horse Collar
11:27 Bow Saw
16:08 Heavy Plow
15:54 Loom
17:56 Wheelbarrow
17:52 Gold Mining
18:47 Stone Mining
20:18 Hand Cart
21:58 Gold Shaft Mining
22:01 Stone Shaft Mining
25:34 Imperial Age
23:39 Scale Barding Armor
24:13 Forging
24:15 Bloodlines
24:05 Husbandry
24:46 Devotion
25:08 Chain Barding Armor
26:16 Conscription
27:26 Plate Barding Armor
27:27 Iron Casting
28:29 Two-Man Saw
28:01 Crop Rotation
28:19 Elite War Elephant
30:26 Blast Furnace
Connection lost

Rejoining the realm…

Still unreachable

The connection could not be restored.

Session expired

The server has moved on; the page needs a fresh start.